 Dungeon Crawl Stone Soup version 0.31-a0-1547-g618ab1f346 (webtiles) character file.

Game seed: 10041471782176763467

84091 tilp the Carver (level 15, -1/117 HPs)
             Began as a Vampire Enchanter on Jan 2, 2024.
             Was the Champion of Wu Jian.
             Slain by a fire elemental (6 damage)
             ... led by Azrael
             ... on level 13 of the Dungeon.
             The game lasted 01:03:46 (26543 turns).

tilp the Carver (Vampire Enchanter)                Turns: 26543, Time: 01:03:47

Health: -1/117     AC: 16    Str:  7    XL:     15   Next: 34%
Magic:  19/26      EV: 16    Int: 25    God:    Wu Jian [******]
Gold:   1970       SH:  0    Dex: 15    Spells: 12/29 levels left

rFire   . . .        a - +2 dagger (vamp)
rCold   . . .        (no shield)
rNeg    . . .        U - +3 leather armour {rPois}
rPois   +            (no helmet)
rElec   .            H - +2 cloak
rCorr   .            l - +1 pair of gloves
SInv    +            (no boots)
Will    +....        s - amulet of magic regeneration
Stlth   ++           k - +4 ring of protection
HPRegen 0.59/turn    u - +4 ring of slaying
MPRegen 0.60/turn

%: no passive effects
@: confused, ambrosia-drunk, healing quickly
A: alive, fangs 3, see invisible, vampiric 2
a: Exsanguinate, Renounce Religion, Wall Jump, Serpent's Lash, Heavenly Storm


You were on level 13 of the Dungeon.
You worshipped Wu Jian.
Wu Jian was exalted by your worship.
You visited 4 branches of the dungeon, and saw 21 of its levels.
You also visited: Ice Cave.

You collected 2534 gold pieces.
You spent 564 gold pieces at shops.

Inventory:

Hand Weapons
 a - a +2 vampiric dagger (weapon)
 b - a +5 scimitar
 F - a +4 dagger of venom
Missiles
 d - 6 javelins
 m - 24 boomerangs
 n - 56 poisoned darts (quivered)
 t - 3 throwing nets
 Q - 4 curare-tipped darts
 W - 2 atropa-tipped darts
 X - 5 darts of dispersal
Armour
 l - a +1 pair of gloves (worn)
 x - a +3 leather armour of willpower
 H - a +2 cloak (worn)
 U - a +3 leather armour of poison resistance (worn)
Jewellery
 j - an amulet of reflection
 k - a +4 ring of protection (left hand)
 r - a ring of protection from cold
 s - an amulet of magic regeneration (around neck)
 u - a +4 ring of slaying (right hand)
 A - a ring of protection from fire
 J - a ring of resist corrosion
 L - an amulet of regeneration
 R - a +6 ring of dexterity
 T - a ring of positive energy
Wands
 w - a wand of roots (21)
 y - a wand of quicksilver (13)
 z - a wand of flame (79)
 M - a wand of polymorph (11)
 S - a wand of mindburst (6)
 V - a wand of digging (4)
Scrolls
 e - 9 scrolls of identify
 g - 3 scrolls of teleportation
 v - a scroll of fog
 E - 2 scrolls of amnesia
 G - a scroll of fear
 I - 2 scrolls of revelation
 K - 2 scrolls of vulnerability
 O - 2 scrolls of enchant weapon
 P - 4 scrolls of poison
 Y - a scroll of silence
Potions
 c - 2 potions of invisibility
 f - 8 potions of curing
 h - 2 potions of lignification
 o - 2 potions of cancellation
 p - 6 potions of mutation
 q - 5 potions of enlightenment
 B - a potion of attraction
 C - 2 potions of brilliance
 D - 2 potions of ambrosia
 N - 2 potions of berserk rage
Miscellaneous
 i - a phial of floods


   Skills:
 * Level 10.8 Fighting
 - Level 4.5(10.7) Short Blades
 - Level 13.7(14.0) Long Blades
 - Level 6.0 Armour
 + Level 10.6 Dodging
 + Level 13.0 Stealth
 + Level 7.6 Spellcasting
 * Level 5.4 Conjurations
 + Level 12.8 Hexes
 - Level 4.0 Translocations
 - Level 2.0 Ice Magic
 + Level 5.0 Evocations


You had 12 spell levels left.
You knew the following spells:

 Your Spells              Type           Power      Damage    Failure   Level
a - Ensorcelled Hibernat  Hex/Ice        92%        N/A       1%          2
b - Confusing Touch       Hex            65%        N/A       1%          3
c - Tukima's Dance        Hex            65%        N/A       1%          3
d - Dazzling Flash        Conj/Hex       100%       N/A       1%          3
e - Cause Fear            Hex            32%        N/A       1%          4
f - Blink                 Tloc           58%        N/A       2%          2

Your spell library contained the following spells:

 Spells                   Type           Power      Damage    Failure   Level
 Slow                     Hex            100%       N/A       1%          1
 Momentum Strike          Conj/Tloc      66%        3d9       1%          2
 Sigil of Binding         Hex            65%        N/A       1%          3
 Lesser Beckoning         Tloc           58%        N/A       2%          2
 Dimensional Bullseye     Hex/Tloc       25%        N/A       2%          4
 Sting                    Conj/Alch      92%        1d8       3%          1
 Hailstorm                Conj/Ice       28%        3d8       6%          3
 Frozen Ramparts          Ice            38%        1d6       12%         3
 Metabolic Englaciation   Hex/Ice        23%        N/A       12%         5
 Mercury Vapours          Alch/Air       18%        N/A       14%         2
 Summon Ice Beast         Ice/Summ       14%        N/A       19%         3
 Call Canine Familiar     Summ           9%         N/A       26%         3
 Vampiric Draining        Necr           9%         2d6       26%         3
 Fulminant Prism          Conj/Alch      11%        3d8       28%         4
 Fireball                 Conj/Fire      11%        3d7       63%         5
 Leda's Liquefaction      Alch/Erth      4%         N/A       65%         4
 Olgreb's Toxic Radiance  Alch           9%         N/A       65%         4
 Petrify                  Alch/Erth      9%         N/A       65%         4
 Alistair's Intoxication  Alch           6%         N/A       94%         5
 Sculpt Simulacrum        Ice/Alch       7%         N/A       100%        6
 Dragon's Call            Summ           4%         N/A       100%        9


Dungeon Overview and Level Annotations

Branches:
Dungeon (13/15)            Temple (1/1) D:6            Lair (5/5) D:11
 Shoals (0/4) Lair:2        Snake (0/4) Lair:2        Slime (0/5) Lair:5
    Orc (2/2) D:10            Elf (0/3) Orc:2        Vaults (0/5) D:13
  IceCv (visited)

Altars:
Ashenzari
Cheibriados
Dithmenos
Fedhas
Gozag
Hepliaklqana
Kikubaaqudgha
Makhleb
Nemelex Xobeh
Okawaru
Qazlal
Ru
Sif Muna
Trog
Uskayaw
Vehumet
Wu Jian
Xom
Yredelemnul
Jiyva
Lugonu

Shops:
D:3 (   D:5 !   D:7 (   D:11 (   Orc:2 *(*==

Portals:
Pandemonium: Orc:2

Annotations:
D:9 2 transporters, BigAl98's ghost, novice FoHu
D:10 dig vault
D:11 2 transporters


Innate Abilities, Weirdness & Mutations

Your natural rate of healing is accelerated.
You have razor-sharp teeth.
You have supernaturally acute eyesight. (SInv)
You are afflicted with vampirism and can become a bat while bloodless.


Message History

Your attack snaps the hell hound out of its fear.
The hell hound looks drowsy...
The hell hound barely misses you. The fire elemental closely misses you.
The hell hound bites you but does no damage.
Unknown command.
Casting: Ensorcelled Hibernation (safe; 1% risk of failure)
Confirm with . or Enter, or press ? or * to list all spells.
Aiming: Ensorcelled Hibernation (safe; 1% risk of failure)
Press: ? - help, Shift-Dir - straight line, f - hell hound
Aim: a hell hound (chance to affect: 69%)
The hell hound looks drowsy...
The fire elemental closely misses you. The fire elemental hits you.
The fire elemental burns you!
* * * LOW HITPOINT WARNING * * *
Unknown command.
The helpless hell hound fails to defend itself.
You spit the hell hound like a pig!!!!
You kill the hell hound!
The Council accepts your kill.
Unknown command.
You lunge at the hell hound, in a flurry of attacks.
The helpless hell hound fails to defend itself.
You skewer the hell hound like a kebab!!!!
You kill the hell hound!
The Council accepts your kill.
You spin and attack the fire elemental repeatedly.
You hit the fire elemental. You bite the fire elemental.
The fire elemental is lightly damaged.
You miss the fire elemental. You bite the fire elemental.
The fire elemental is lightly damaged.
The fire elemental hits you. The fire elemental burns you!
* * * LOW HITPOINT WARNING * * *
Unknown command.
You feel better. The fire elemental hits you. The fire elemental burns you!
* * * LOW HITPOINT WARNING * * *
The fire elemental hits you. The fire elemental burns you!
* * * LOW HITPOINT WARNING * * *
You are confused.
You feel invigorated. The fire elemental hits you.
The fire elemental burns you!
You die...

...............#
..........## .....
..........# ......
..........# .......
..........# ........
..........#
..................##
..................#
................@E#
................).#
...............>.##
.................#
.................#
.<...............#
................##
................
.........


You could see a fire elemental.

Vanquished Creatures
  Nessos (D:13)
  A dire elephant (Lair:5)
  Azrael (D:13)
  A fire dragon (Lair:5)
  An ettin (D:13)
  Harold (Orc:2)
  2 demonspawn (Orc:2)
  5 hydras
  Fannar (D:10)
  A centaur warrior (D:12)
  2 boulder beetles
  3 two-headed ogres
  13 death yaks
  A hell hog (Lair:5)
  The ghost of bmj180 the Conjurer, a novice HuCj of Sif Muna (D:8)
  5 orc high priests (Orc:2)
  A skyshark (Lair:3)
  Lodul (D:11)
  An arcanist (D:13)
  Pikel (D:5)
  3 harpies (Lair:2)
  A lindwurm (Lair:5)
  2 ugly things (IceCv)
  A deep elf pyromancer (D:12)
  7 orc sorcerers (Orc:2)
  5 orc knights (Orc:2)
  Maurice (D:7)
  A cyclops (D:13)
  A salamander (Lair:2)
  12 elephants (Lair:5)
  A kobold blastminer (Orc:2)
  7 black mambas
  15 cane toads
  A smoke demon (Orc:2)
  A gargoyle (D:13)
  6 torpor snails
  An unseen horror (D:11)
  5 rime drakes
  5 komodo dragons
  A red devil (Orc:2)
  A troll (shapeshifter) (D:13)
  4 tyrant leeches (Lair:5)
  4 trolls
  A hellwing (Orc:2)
  11 polar bears
  7 hornets
  Grinder (D:6)
  2 raiju (Lair:5)
  9 dream sheep (Lair:3)
  6 slime creatures
  34 yaks
  4 wraiths
  2 vampires (D:12)
  2 ynoxinuls (Orc:2)
  5 wyverns
  3 basilisks
  9 vampire mosquitoes
  A steam dragon (D:10)
  Edmund (D:5)
  2 nagas (Lair:2)
  8 wargs
  17 hell hounds
  14 water moccasins
  14 black bears
  28 orc warriors
  3 ice beasts
  12 ogres
  5 centaurs
  19 wolves
  A phantom (D:6)
  3 kobold brigands
  9 bullfrogs
  2 gnoll sergeants
  2 scorpions
  18 wights
  An elephant simulacrum (IceCv)
  5 howler monkeys
  An electric eel (Lair:3)
  2 bombardier beetles (D:6)
  4 hounds
  Crazy Yiuf (D:7)
  18 orc priests
  12 hell rats
  4 iguanas
  Ijyb (D:5)
  17 orc wizards
  A polar bear simulacrum (IceCv)
  A wolf simulacrum (IceCv)
  10 adders
  10 gnolls
  A shadow imp (D:6)
  2 white imps (D:6)
  4 dart slugs
  2 ribbon worms (D:4)
  67 orcs
  8 ball pythons
  9 endoplasms
  2 giant cockroaches
  8 goblins
  8 hobgoblins
  21 kobolds
  5 quokkas
  8 bats
  4 frilled lizards
  5 rats
627 creatures vanquished.

Vanquished Creatures (collateral kills)
  Maggie (D:10)
  3 wights
4 creatures vanquished.

Vanquished Creatures (others)
  A yak (Lair:5)
  6 dancing weapons
  A centaur (D:12)
8 creatures vanquished.

Grand Total: 639 creatures vanquished

Notes
Turn   | Place    | Note
-------+----------+-------------------------------------------
     0 | D:1      | tilp the Vampire Enchanter began the quest for the Orb.
     0 | D:1      | Reached XP level 1. HP: 13/13 MP: 3/3
   211 | D:1      | Reached XP level 2. HP: 17/20 MP: 5/5
   224 | D:1      | Learned a level 2 spell: Ensorcelled Hibernation
   447 | D:1      | Reached skill level 1 in Long Blades
   493 | D:2      | Gained mutation: You are afflicted with vampirism and can
                  | become a bat while bloodless. [Vampire growth]
   493 | D:2      | Reached XP level 3. HP: 25/25 MP: 6/6
   497 | D:2      | Learned a level 3 spell: Confusing Touch
   507 | D:2      | Reached skill level 1 in Fighting
   847 | D:2      | Reached XP level 4. HP: 32/32 MP: 7/7
  1402 | D:3      | Found Urol's Antique Weapon Shoppe.
  1902 | D:3      | Found a faded altar of an unknown god.
  1908 | D:3      | Found a bloodstained altar of Trog.
  2054 | D:4      | Noticed a bullfrog
  2062 | D:4      | Reached skill level 5 in Stealth
  2062 | D:4      | Reached XP level 5. HP: 38/38 MP: 5/8
  2066 | D:4      | Learned a level 3 spell: Tukima's Dance
  2095 | D:4      | Reached skill level 5 in Hexes
  2095 | D:4      | Reached skill level 1 in Ice Magic
  2135 | D:3      | Bought a steaming long sword for 229 gold pieces
  2135 | D:3      | Identified the +0 long sword of Gethacre {pain, rN+ Str+3
                  | Dex+2 Stlth-} (You bought it in a shop on level 3 of the
                  | Dungeon)
  2242 | D:4      | Noticed a black bear
  2312 | D:4      | Killed a black bear
  2313 | D:4      | Reached XP level 6. HP: 38/45 MP: 2/9
  2778 | D:4      | Found a basalt altar of Yredelemnul.
  2945 | D:4      | Found a shimmering altar of Xom.
  3012 | D:5      | Entered Level 5 of the Dungeon
  3110 | D:5      | Found Ysiuvim's Distillery.
  3130 | D:5      | Bought a potion of degeneration for 10 gold pieces
  3150 | D:5      | Reached XP level 7. HP: 51/51 MP: 11/11
  3375 | D:5      | Learned a level 3 spell: Dazzling Flash
  3497 | D:5      | Found a hazy altar of Hepliaklqana.
  3771 | D:5      | Noticed Edmund
  3777 | D:5      | Noticed Ijyb
  3782 | D:5      | Killed Edmund
  3793 | D:5      | Killed Ijyb
  3794 | D:5      | Reached XP level 8. HP: 59/59 MP: 0/12
  3960 | D:5      | Noticed Pikel
  3966 | D:5      | Killed Pikel
  3967 | D:5      | Reached skill level 1 in Evocations
  4446 | D:6      | Reached skill level 1 in Conjurations
  4462 | D:6      | Found a staircase to the Ecumenical Temple.
  4499 | Temple   | Entered the Ecumenical Temple
  4520 | Temple   | Became a worshipper of the Wu Jian Council
  4734 | D:6      | Reached skill level 5 in Long Blades
  4734 | D:6      | Reached XP level 9. HP: 66/66 MP: 10/14
  5025 | D:6      | Noticed Grinder
  5041 | D:6      | Killed Grinder
  5473 | D:7      | Reached * piety under Wu Jian
  5474 | D:7      | Reached skill level 5 in Fighting
  5654 | D:7      | Reached skill level 5 in Dodging
  5750 | D:7      | Noticed Maurice
  5781 | D:7      | Killed Maurice
  5818 | D:7      | Found an ancient bone altar of Kikubaaqudgha.
  5921 | D:7      | Found a runed translucent door.
  5977 | D:7      | Found Yrrakhlan's Weapon Shop.
  6152 | D:7      | Noticed Crazy Yiuf
  6157 | D:7      | Killed Crazy Yiuf
  6373 | D:5      | Bought a potion of heal wounds for 50 gold pieces
  6373 | D:5      | Bought a potion of ambrosia for 80 gold pieces
  6373 | D:5      | Bought a potion of heal wounds for 50 gold pieces
  6796 | D:8      | Found an iron altar of Okawaru.
  6811 | D:8      | Identified the +9 whip "Qeosa" {flame, Dex+4}
  7010 | D:8      | Reached XP level 10. HP: 74/76 MP: 2/16
  7285 | D:8      | Found a large runed translucent door.
  7285 | D:8      | Found a large runed translucent door.
  7289 | D:8      | Noticed bmj180's ghost (novice HuCj)
  8065 | D:9      | Found a transporter.
  8065 | D:9      | Noticed BigAl98's ghost (novice FoHu)
  8067 | D:9      | Noticed a tengu warrior
  8068 | D:9      | Found a bloodstained altar of Trog.
  8583 | D:9      | Noticed a two-headed ogre
  8585 | D:9      | Found a transporter.
  8589 | D:9      | Noticed a moth of wrath
  9087 | D:10     | Entered Level 10 of the Dungeon
  9274 | D:10     | Noticed Fannar
  9372 | D:10     | Killed Fannar
  9373 | D:10     | Reached skill level 10 in Stealth
  9373 | D:10     | Reached skill level 5 in Spellcasting
  9561 | D:10     | Found a staircase to the Orcish Mines.
  9646 | D:10     | Learned a level 4 spell: Cause Fear
  9649 | D:10     | Learned a level 2 spell: Blink
  9680 | D:10     | Found a sacrificial altar of Ru.
  9858 | D:10     | Noticed Maggie
  9871 | D:10     | Killed Maggie
  9953 | D:11     | Found Xuploaq's Antique Weapon Boutique.
  9999 | D:11     | Noticed Lodul
 10264 | Orc:1    | Entered Level 1 of the Orcish Mines
 10380 | D:11     | Found a staircase to the Lair.
 10467 | D:11     | Killed Lodul
 10625 | D:11     | Found a transporter.
 10625 | D:11     | Noticed a green ugly thing
 10626 | D:11     | Noticed a meliai
 10626 | D:11     | Noticed a cyan ugly thing
 10627 | D:11     | Found a corrupted altar of Lugonu.
 10628 | D:11     | Noticed a purple ugly thing
 10640 | D:11     | Reached ** piety under Wu Jian
 10680 | D:11     | Found a transporter.
 10686 | D:11     | Noticed a boulder beetle
 10692 | D:11     | Killed a boulder beetle
 10693 | D:11     | Reached skill level 10 in Long Blades
 10693 | D:11     | Reached XP level 11. HP: 81/81 MP: 15/18
 10994 | Lair:1   | Entered Level 1 of the Lair of Beasts
 12248 | Lair:2   | Found a staircase to the Snake Pit.
 12328 | Lair:2   | Noticed a four-headed hydra
 12340 | Lair:2   | Killed a four-headed hydra
 12564 | Lair:2   | Noticed a harpy
 12565 | Lair:2   | Found a staircase to the Shoals.
 12565 | Lair:2   | Noticed a harpy
 12565 | Lair:2   | Noticed a harpy
 12924 | Lair:2   | Killed a harpy
 12955 | Lair:2   | Killed a harpy
 12974 | Lair:2   | Killed a harpy
 13100 | Lair:2   | Reached XP level 12. HP: 88/88 MP: 16/19
 13313 | D:5      | Bought a potion of brilliance for 40 gold pieces
 13514 | Lair:3   | Reached skill level 1 in Translocations
 13524 | Lair:3   | Reached *** piety under Wu Jian
 13705 | Lair:3   | Noticed a four-headed hydra
 13716 | Lair:3   | Killed a four-headed hydra
 14534 | Lair:4   | Reached **** piety under Wu Jian
 14573 | Lair:4   | Found a frozen archway.
 14613 | IceCv    | Entered an ice cave
 14616 | IceCv    | Found a transporter.
 14650 | IceCv    | Found a transporter.
 15189 | Lair:4   | Noticed an eight-headed hydra
 15196 | Lair:4   | Killed an eight-headed hydra
 15200 | Lair:4   | Reached XP level 13. HP: 96/96 MP: 21/21
 15342 | Lair:5   | Entered Level 5 of the Lair of Beasts
 15748 | Orc:2    | Entered Level 2 of the Orcish Mines
 15837 | Orc:2    | Found Oleuhun's Jewellery Shoppe.
 16089 | Orc:2    | Found a staircase to the Elven Halls.
 16617 | Orc:2    | Reached ***** piety under Wu Jian
 16678 | Orc:1    | Noticed Harold
 16689 | Orc:2    | HP: 2/97 [kobold blastminer/iron shot (21)]
 16694 | Orc:2    | Reached skill level 1 in Armour
 17015 | Orc:2    | Killed Harold
 17288 | Orc:2    | Found Hikubior's General Store.
 17325 | Orc:2    | Found Umnonewn's General Store.
 17673 | Orc:2    | Reached skill level 10 in Hexes
 18243 | Orc:2    | Bought a scroll of blinking for 105 gold pieces
 19355 | Orc:2    | Found Darus's Antique Weapon Boutique.
 19355 | Orc:2    | Found Fudgh's Jewellery Shop.
 19356 | Orc:2    | Found a one-way gate leading to the halls of Pandemonium.
 19614 | Lair:5   | Reached XP level 14. HP: 68/108 MP: 19/24
 19764 | Lair:5   | Found a viscous altar of Jiyva.
 19764 | Lair:5   | Found a staircase to the Slime Pits.
 20886 | Lair:4   | Reached skill level 10 in Fighting
 21238 | Lair:5   | Paralysed by a hornet for 3 turns
 21541 | Lair:5   | Reached ****** piety under Wu Jian
 21554 | Lair:5   | Reached skill level 5 in Armour
 21670 | Lair:4   | Reached skill level 10 in Dodging
 21926 | Lair:5   | HP: 5/110 [death yak (20)]
 24408 | Lair:5   | Reached XP level 15. HP: 93/117 MP: 15/25
 24888 | D:10     | Got Pyefod's Vellum of Flashy Compounds
 24970 | D:8      | Killed bmj180's ghost
 25370 | D:11     | Reached skill level 5 in Conjurations
 26109 | D:13     | Noticed Nessos
 26116 | D:13     | Killed Nessos
 26433 | D:13     | Found a gate to the Vaults.
 26522 | D:13     | Noticed Azrael
 26532 | D:13     | Killed Azrael
 26533 | D:13     | Reached skill level 5 in Evocations
 26542 | D:13     | HP: 1/117 [fire elemental[Azrael] (7)]
 26543 | D:13     | Slain by a fire elemental

Illustrated notes

Levels and vault maps discovered:
D:1:      nzn_arrival_settlement, layout_basic
D:2:      layout_loops_ring
D:3:      layout_basic, nicolae_overflow_ecumenical_swirl, serial_shops,
          nicolae_shop_scrapyard, st_stairs_1, minmay_surrounded
D:4:      layout_cave_pools, kennysheep_mini, mainiacjoe_overflow_paths
D:5:      layout_basic, lemuel_crystal_altar, serial_shops,
          nicolae_shop_window_shopping, uniq_pikel, uniq_ijyb, uniq_edmund
D:6:      layout_loops_cross, temple_fountains, uniq_grinder
D:7:      layout_rooms, nicolae_kikubaaqudgha_miasma_corner, serial_shops,
          nicolae_shop_tiny_real_fake_doors, uniq_maurice,
          uniq_crazy_yiuf_cottage
D:8:      layout_layer_cave, mainiacjoe_overflow_boulevard,
          ebering_ghost_disaster_area, hangedman_decor_growths
D:9:      layout_layer_cave, gammafunk_ghost_wrathful_warriors
D:10:     layout_basic, nicolae_ru_great_annihilating_truth,
          amcnicky_mini_pool_small, minivault_21, uniq_fannar, uniq_maggie
D:11:     gammafunk_corrupted_shrine, layout_irregular_city, lair_entry_dummy,
          serial_shops, nicolae_stop_n_shop_2, uniq_lodul
D:12:     layout_cave_pools
D:13:     layout_layer_cave, david_vaults_4, uniq_nessos, uniq_azrael
Temple:   nicolae_temple_superstar
Lair:1:   layout_gridlike
Lair:2:   layout_hall_layers, nicolae_shoals_entry_roost,
          alex1729_snake_entry_snake, minivault_11,
          nicolae_quartered_pool_medium, beast_lair_carwin_11
Lair:3:   layout_loops_ring, minivault_27, chequers_serial_rivers_small_a,
          serial_bayou_shore_a
Lair:4:   layout_misc_corridors, portal_ice_cave_rime
Lair:5:   hangedman_lair_caniforms_friends, layout_cave_pods, wormcave,
          slime_entry_1, patterned_corridor
Orc:1:    layout_diamond_mine, uniq_harold
Orc:2:    pf_orc_diabolical, layout_caves, serial_shops,
          nicolae_shop_gaudy_bauble, basic_altar

Skill      XL: |  1  2  3  4  5  6  7  8  9 10 11 12 13 14 15 |
---------------+----------------------------------------------+-----
Long Blades    | 1 2 3 5 6 10 13 | 13.7
Fighting       | 1 2 3 4 5 6 7 9 10 | 10.8
Stealth        | 5 6 7 8 10 11 12 13 | 13.0
Short Blades   | 2 3 4 |  4.5
Hexes          | 5 6 7 8 9 11 12 | 12.8
Ice Magic      | 1 2 |  2.0
Dodging        | 3 4 5 6 7 8 10 | 10.6
Spellcasting   | 3 4 5 6 7 |  7.6
Evocations     | 1 2 3 4 5 |  5.0
Conjurations   | 1 2 4 5 |  5.4
Translocations | 3 4 |  4.0
Armour         | 3 6 |  6.0

Action                     |  1- 3 |  4- 6 |  7- 9 | 10-12 | 13-15 || total
---------------------------+-------+-------+-------+-------+-------++-------
  Melee: Dagger            |    89 |   117 |   219 |   388 |  1197 ||  2010
         Bite              |    10 |    13 |    34 |    30 |   231 ||   318
         Punch             |       |     1 |     6 |    10 |    26 ||    43
         Scimitar          |       |       |     2 |    13 |    75 ||    90
  Throw: Dart              |       |     2 |       |     4 |    27 ||    33
   Cast: Ensorcelled Hiber |     2 |    20 |    42 |   161 |   358 ||   583
         Confusing Touch   |       |       |    13 |    22 |    38 ||    73
         Tukima's Dance    |       |       |    17 |    13 |    10 ||    40
         Dazzling Flash    |       |       |       |     2 |   141 ||   143
         Cause Fear        |       |       |       |     1 |     2 ||     3
         Blink             |       |       |       |     1 |     1 ||     2
Ability: Lunge             |       |       |    20 |    52 |    49 ||   121
         Whirlwind         |       |       |     1 |    19 |    43 ||    63
  Evoke: Wand              |       |       |     2 |    10 |     4 ||    16
    Use: Scroll            |     4 |     5 |    11 |     7 |     7 ||    34
         Potion            |       |       |     1 |     4 |     7 ||    12
   Stab: Sleeping          |    10 |    16 |    29 |   108 |   167 ||   330
         Distracted        |       |     1 |       |       |     4 ||     5
         Confused          |       |       |     5 |    22 |    39 ||    66
         Paralysed         |       |       |       |     1 |       ||     1
         Invisible         |       |       |       |     4 |    82 ||    86
 Armour: Robe              |    31 |    38 |    19 |       |       ||    88
         Leather armour    |       |       |    64 |   244 |   898 ||  1206
  Dodge: Dodged            |    43 |    54 |    95 |   193 |  1025 ||  1410
  Block: Other             |       |    17 |    29 |    32 |       ||    78
         Reflection        |       |     1 |       |     1 |       ||     2

Table legend: (Time is in decaauts)
 A = Elapsed time spent in this place.
 B = Non-inter-level travel time spent in this place.
 C = Inter-level travel time spent in this place.
 D = Time resting spent in this place.
 E = Time spent auto-exploring this place.
 F = Levels seen in this place.
 G = Mean time per level.
                   A        B        C        D        E       F      G
               +--------+--------+--------+--------+--------+-----+--------+
         Total |  25902 |  23404 |   2498 |   5172 |  12632 |  22 | 1177.4 |
       Dungeon |  13019 |  11478 |   1541 |    911 |   8325 |  13 | 1001.5 |
        Temple |     40 |      3 |     37 |      0 |      0 |   1 |   40.0 |
          Lair |   9068 |   8356 |    712 |   2564 |   3602 |   5 | 1813.6 |
  Orcish Mines |   3581 |   3374 |    207 |   1584 |    705 |   2 | 1790.5 |
      Ice Cave |    192 |    192 |      0 |    113 |      0 |   1 |  192.0 |
               +--------+--------+--------+--------+--------+-----+--------+

Top non-repeatable levels by time:
  Lair:5: 3628 daAuts
   Orc:2: 3210 daAuts
  Lair:4: 1961 daAuts
     D:8: 1678 daAuts
     D:5: 1487 daAuts
  Lair:2: 1357 daAuts
     D:6: 1220 daAuts
     D:9: 1210 daAuts
    D:10: 1208 daAuts
  Lair:3: 1120 daAuts
    D:11: 1091 daAuts
  Lair:1: 1001 daAuts
     D:4: 975 daAuts
     D:7: 934 daAuts
     D:2: 835 daAuts
